 Dungeon Crawl Stone Soup version 0.28-a0-519-gbfeecf2fc5 (webtiles) character file.

Game seed: 5348654007386125435

371 robertstho the Skirmisher (level 6, 0/54 (56) HPs)
             Began as a Draconian Berserker on Sept 23, 2021.
             Was a Believer of Trog.
             Slain by an ogre (14 damage)
             ... on level 5 of the Dungeon.
             The game lasted 00:03:31 (3413 turns).

robertstho the Skirmisher (Draconian Berserker)     Turns: 3413, Time: 00:03:32

HP:   0/54 (56)     AC:  6    Str: 21    XL:     6   Next: 42%
MP:   6/6           EV: 13    Int:  7    God:    Trog [**....]
Gold: 0             SH:  0    Dex: 11    Spells: 5/5 levels left

rFire   + . .      SeeInvis .   j - +2 hand axe (venom)
rCold   x . .      Faith    .   (no shield)
rNeg    . . .      Spirit   .   (armour unavailable)
rPois   .          Reflect  .   (helmet restricted)
rElec   .          Harm     .   (no cloak)
rCorr   .          Rampage  .   (no gloves)
Will    .....                   (no boots)
Stlth   +.........              (no amulet)
HPRegen 0.18/turn               c - ring of fire
MPRegen 0.10/turn               (no ring)

@: lightly drained
A: AC +6, unfitting armour, cold-blooded
a: Renounce Religion, Berserk, Trog's Hand


You were on level 5 of the Dungeon.
You worshipped Trog.
Trog was pleased with you.
You visited 1 branch of the dungeon, and saw 5 of its levels.

You collected 165 gold pieces.
You spent 165 gold pieces at shops.

Inventory:

Hand Weapons
 a - a +0 hand axe
 j - a +2 hand axe of venom (weapon)
Jewellery
 c - a ring of fire (left hand)
Wands
 e - a wand of mindburst (17)
Scrolls
 f - a scroll of enchant armour {unknown}
 g - 2 scrolls of teleportation
 i - a scroll of enchant weapon
 o - a scroll of magic mapping
Potions
 b - 2 potions of flight
 d - 3 potions of curing
 h - 2 potions of cancellation
 l - a potion of brilliance {unknown}
 m - a potion of magic {unknown}
 n - a potion of degeneration {unknown}


   Skills:
 * Level 5.1 Fighting
 + Level 4.8 Axes
 * Level 4.4 Dodging
 + Level 0.4 Stealth


You had 5 spell levels left.
You didn't know any spells.
Your spell library was empty.

Dungeon Overview and Level Annotations

Branches:
Dungeon (5/15)
 Temple: D:4-7

Altars:
Elyvilon
Zin
The Shining One

Shops:
D:4 (?(*

Annotations:
D:3 2 transporters, SirDiesAlot's ghost, amateur MiFi


Innate Abilities, Weirdness & Mutations

Your plain brown scales are hard. (AC +6)
You cannot fit into any form of body armour.
You are cold-blooded and may be slowed by cold attacks.


Message History

Done exploring.
Done exploring.
Done exploring.
Done exploring.
Done exploring.
(D) Dungeon
Where to? (Enter - D:3, ? - help)
There is a stone staircase leading down here.
You climb downwards.
The ogre shouts!
Found a stone staircase leading down.
There is a stone staircase leading up here.
There are monsters nearby!
There are monsters nearby!
There are monsters nearby!
There are monsters nearby!
There are monsters nearby!
There are monsters nearby!
The dart slug launches a dart at you.
The slug dart hits you but does no damage.
The necrophage misses you. The ogre hits you with a +0 giant club!
You slash the ogre!
The ogre is poisoned.
The ogre is moderately wounded.
You barely miss the necrophage.
The necrophage hits you but does no damage. x2
You hit the ogre.
The ogre looks as sick as possible!
The ogre is heavily wounded.
You hit the necrophage but do no damage.
The ogre hits you with a +0 giant club! The necrophage hits you.
You feel drained.
You barely miss the ogre.
The ogre is heavily wounded.
You closely miss the necrophage.
The ogre hits you with a +0 giant club!!
* * * LOW HITPOINT WARNING * * *
The dart slug launches a dart at you. The slug dart misses you.
The necrophage closely misses you.
There is a stone staircase leading up here.
The ogre hits you with a +0 giant club!
You die...

#.. ...
#.. #..
#... #..#
##.... #..
###....#
#..##@...#
#..nO..##
##.....##
#.>...##
#...w..##
........#
.........
#........
###.......


You could see an ogre (very poisoned), a necrophage and a dart slug.

Vanquished Creatures
  A phantom (D:4)
  A bullfrog (D:4)
  A howler monkey (D:4)
  A centaur zombie (D:4)
  Ijyb (D:4)
  A hound skeleton (D:4)
  3 gnolls (D:4)
  2 adders
  An adder skeleton (D:3)
  2 worms (D:2)
  4 dart slugs
  An orc (D:3)
  4 bats
  5 endoplasms
  3 giant cockroaches (D:3)
  11 goblins
  6 hobgoblins
  A quokka (D:3)
  3 ball pythons
  3 frilled lizards
  4 kobolds
  3 rats
62 creatures vanquished.

Vanquished Creatures (others)
  A fungus (D:3)
  A plant (D:3)
2 creatures vanquished.

Grand Total: 64 creatures vanquished

Notes
Turn   | Place    | Note
-------+----------+-------------------------------------------
     0 | D:1      | robertstho the Draconian Berserker began the quest for the
                  | Orb.
     0 | D:1      | Reached XP level 1. HP: 19/19 MP: 1/1
   566 | D:1      | Reached XP level 2. HP: 24/26 MP: 2/2
   934 | D:2      | Reached XP level 3. HP: 33/33 MP: 3/3
  1082 | D:2      | Reached skill level 4 in Fighting
  1287 | D:2      | Reached ** piety under Trog
  1700 | D:3      | Found a faded altar of an unknown god.
  1743 | D:3      | Reached XP level 4. HP: 26/40 MP: 4/4
  1983 | D:3      | Found a transporter.
  1983 | D:3      | Noticed SirDiesAlot's ghost (amateur MiFi)
  1983 | D:3      | Noticed an ogre
  1984 | D:3      | Identified the +10 dire flail of the Solstice {freeze, rF-
                  | rN+ Str+3}
  1984 | D:3      | Noticed an ogre
  1985 | D:3      | Found a transporter.
  2112 | D:4      | Noticed Ijyb
  2125 | D:4      | Noticed a bullfrog
  2129 | D:4      | Killed a bullfrog
  2129 | D:4      | Killed Ijyb
  2130 | D:4      | Reached XP level 5. HP: 5/47 MP: 5/5
  2421 | D:4      | Noticed a phantom
  2431 | D:4      | Killed a phantom
  2432 | D:4      | Reached skill level 5 in Fighting
  2432 | D:4      | Reached XP level 6. HP: 22/56 MP: 6/6
  2680 | D:4      | Found Eriasu's General Store.
  2688 | D:4      | Bought a potion of cancellation for 88 gold pieces
  2815 | D:4      | Found a glowing silver altar of Zin.
  3072 | D:4      | Found Feps's Antique Weapon Emporium.
  3141 | D:4      | Found Locyerok's Weapon Shoppe.
  3174 | D:4      | Found a white marble altar of Elyvilon.
  3258 | D:4      | Found Ketz's Magic Scroll Emporium.
  3264 | D:4      | Bought a scroll of identify for 22 gold pieces
  3264 | D:4      | Bought a scroll of teleportation for 33 gold pieces
  3264 | D:4      | Bought a scroll of identify for 22 gold pieces
  3349 | D:4      | Found a glowing golden altar of the Shining One.
  3403 | D:5      | Entered Level 5 of the Dungeon
  3413 | D:5      | Slain by an ogre

Illustrated notes

Levels and vault maps discovered:
D:1:      dpeg_arrival_arbitrary_c, layout_loops_ring, fountainhead
D:2:      layout_rooms
D:3:      layout_basic, gammafunk_ghost_smash,
          shapermc_ecumenical_altar_rom_forum
D:4:      layout_cave_pools, minitemple, mainiacjoe_overflow_small_starburst,
          serial_shops, shop, kennysheep_little_box,
          nicolae_shop_competitors_out_of_business, shop, uniq_ijyb
D:5:      layout_layer_cave, temple_doors_e, uniq_grinder, uniq_menkaure

Skill      XL: |  1  2  3  4  5 |
---------------+----------------+-----
Dodging        | 3 4 |  4.4
Fighting       | 4 5 |  5.1
Axes           | 4 |  4.8
Stealth        | |  0.4

Action                   |  1- 3 |  4- 6 || total
-------------------------+-------+-------++-------
Melee: Hand axe          |   117 |    60 ||   177
       Tailslap          |    11 |     4 ||    15
Invok: Berserk           |     1 |     3 ||     4
  Use: Scroll            |       |     5 ||     5
Armor: Skin              |    41 |    28 ||    69
Dodge: Dodged            |    65 |    49 ||   114

Table legend: (Time is in decaauts)
 A = Elapsed time spent in this place.
 B = Non-inter-level travel time spent in this place.
 C = Inter-level travel time spent in this place.
 D = Time resting spent in this place.
 E = Time spent auto-exploring this place.
 F = Levels seen in this place.
 G = Mean time per level.
                   A        B        C        D        E       F      G
               +--------+--------+--------+--------+--------+-----+--------+
         Total |   3478 |   3340 |    138 |    709 |   2171 |   5 |  695.6 |
       Dungeon |   3478 |   3340 |    138 |    709 |   2171 |   5 |  695.6 |
               +--------+--------+--------+--------+--------+-----+--------+

Top non-repeatable levels by time:
     D:3: 1357 daAuts
     D:1: 758 daAuts
     D:2: 753 daAuts
     D:4: 598 daAuts
     D:5: 10 daAuts
